 Dungeon Sprint DCSS version 0.31-a0-1-g4198be8af4 (webtiles) character file.

Game seed: 13338740120941479546

46995 sircluck the Axe Maniac (level 14, -4/168 HPs)
             Began as a Hill Orc Berserker on May 2, 2023.
             Was the Champion of Trog.
             Killed from afar by an ice dragon (46 damage)
             ... with a blast of cold
             ... in the Dungeon (Sprint IX: "|||||||||||||||||||||||||||||").
             The game lasted 00:10:24 (4146 turns).

sircluck the Axe Maniac (Hill Orc Berserker)        Turns: 4146, Time: 00:10:24

Health: -4/168     AC: 34    Str: 28    XL:     14   Next: 40%
Magic:  14/14      EV: 13    Int:  7    God:    Trog [******]
Gold:   1268       SH:  0    Dex: 10    Spells: 13/13 levels left

rFire   . . .        z - +5 battleaxe (heavy)
rCold   . . .        (shield currently unavailable)
rNeg    . . .        D - +4 plate armour {rPois}
rPois   +            m - +0 helmet
rElec   .            l - +0 cloak
rCorr   .            G - +1 pair of gloves {hurl}
SInv    .            H - +1 pair of boots
Will    +....        (no amulet) Stlth
                     o - +2 ring of evasion
HPRegen 0.48/turn    p - +3 ring of strength
MPRegen 0.14/turn

%: no teleportation
@: no status effects
A: no striking features
a: Renounce Religion, Berserk, Trog's Hand, Brothers in Arms


You were in the Dungeon.
You worshipped Trog.
Trog was exalted by your worship.
You visited 1 branch You collected 1932 gold pieces.
You spent 664 gold pieces at shops.

Inventory:

Hand Weapons
 a - a +0 hand axe
 k - a +1 broad axe of freezing
 u - a +1 heavy battleaxe
 v - a +0 club
 z - a +5 heavy battleaxe (weapon)
Missiles
 b - 7 javelins (quivered)
Armour
 l - a +0 cloak (worn)
 m - a +0 helmet (worn)
 n - a +0 plate armour
 w - a +0 cloak
 x - a +0 pair of gloves
 y - a +0 pair of boots
 D - a +4 plate armour of poison resistance (worn)
 G - a +1 pair of gloves of hurling (worn)
 H - a +1 pair of boots (worn)
Jewellery
 o - a +2 ring of evasion (left hand)
 p - a +3 ring of strength (right hand)
 B - a ring of protection from cold
 C - a ring of willpower
 E - a ring of protection from fire
 F - a ring of poison resistance
Wands
 j - a wand of quicksilver (6)
 I - a wand of iceblast (6)
Scrolls
 e - 3 scrolls of identify
 h - 2 scrolls of blinking
 r - a scroll of fear
 s - 2 scrolls of enchant armour
 t - 2 scrolls of fog
Potions
 c - 7 potions of curing
 d - 3 potions of heal wounds
 f - 4 potions of magic
 g - 4 potions of berserk rage
 i - a potion of invisibility
 q - 2 potions of might
 A - a potion of lignification {unknown}


   Skills:
 O Level 27 Fighting
 O Level 27 Axes
 + Level 22.7 Armour
 + Level 7.8 Dodging
 + Level 5.1 Stealth
 + Level 1.3 Evocations


You had 13 spell levels left.
You didn't know any spells.
Your spell library was empty.

Dungeon Overview and Level Annotations

Branches:
Dungeon (1/1)

Altars:
Cheibriados
Dithmenos
Elyvilon
Fedhas
Gozag
Hepliaklqana
Kikubaaqudgha
Makhleb
Nemelex Xobeh
Okawaru
Qazlal
Ru
Sif Muna
Trog
Uskayaw
Vehumet
Wu Jian
Xom
Yredelemnul
Zin
The Shining One
Beogh
Jiyva
Lugonu

Shops:
D *([*


Message History

* * * LOW HITPOINT WARNING * * *
Your cyclops hits the ice dragon but does no damage.
The glowing orange brain pulsates.
The glowing orange brain radiates an aura of fear!
The ice dragon barely misses your cyclops. x2
The ice dragon tramples your cyclops!
Your cyclops stumbles backwards!
Your cyclops hits the ice dragon!!!
You feel much better.
The spriggan air mage waves its arms in wide circles.
The air twists around and strikes you! The ice dragon bites your cyclops!
The ice dragon claws your cyclops. The ice dragon tramples your cyclops.
Your cyclops holds its ground!
Your cyclops hits the ice dragon but does no damage.
The ice dragon bites your cyclops but does no damage.
The ice dragon claws your cyclops.
Your cyclops dies!
Your cyclops's corpse disappears in a puff of smoke!
The spriggan air mage waves its arms in wide circles.
The air twists around and strikes you.
You cannot move closer to the glowing orange brain!
You are no longer terrified.
The ice dragon breathes frost at you. The blast of cold misses you.
The spriggan air mage waves its arms in wide circles.
The air twists around and strikes you!
* * * LOW HITPOINT WARNING * * *
Read: 2 scrolls of fear
Press: ? - help, Q - select action, (/) - cycle Dir - look around, f - activate Look: a glowing orange brain (heavily wounded, chance to affect: 47%)
As you read the scroll of fear, it crumbles to dust.
You assume a fearsome visage.
The spriggan air mage resists with almost no effort. x2
The glowing orange brain resists with some effort.
The ice dragon looks frightened!
The spriggan air mage waves its arms in wide circles.
The air twists around and strikes you.
* * * LOW HITPOINT WARNING * * *
The ice dragon breathes frost at you. The blast of cold hits you!!!
You die...

....................▓
▓▓▓▓▓▓▓▓▓▓▓▓▓▓▓▓▓▓▓.▓
))))).....'.........▓
▓▓▓▓▓▓▓▓▓▓▓▓▓▓▓▓▓▓▓▓▓
....................▓
▓▓▓▓▓▓▓▓▓▓▓▓▓▓▓▓▓▓▓.▓
)(..'...............▓
▓▓▓▓▓▓▓▓▓▓▓▓▓▓▓▓▓▓▓▓▓
................@...▓
▓▓▓▓▓▓▓▓▓▓▓▓▓▓▓▓▓▓▓D▓
D[D).........[GiiD..▓
▓▓▓▓▓▓▓▓▓▓▓▓▓▓▓▓▓▓▓▓▓


You could see an ice dragon (catching breath).

Vanquished Creatures
  A golden dragon (D)
  Gastronok (D)
  Agnes (D)
  Donald (D)
  A ghost moth (D)
  2 frost giants (D)
  A very ugly thing (D)
  2 stone giants (D)
  2 dire elephants (D)
  2 ettins (D)
  A fire dragon (D)
  An entropy weaver (D)
  2 rakshasas (D)
  Erolcha (D)
  An ice dragon (D)
  3 ogre magi (D)
  A radroach (D)
  3 centaur warriors (D)
  A ghost crab (D)
  2 boulder beetles (D)
  6 two-headed ogres (D)
  Urug (D)
  A shock serpent (D)
  3 tengu warriors (D)
  2 naga sharpshooters (D)
  A swamp dragon (D)
  An orc knight (D)
  An ugly thing (D)
  A manticore (D)
  A salamander (D)
  A wolf spider (D)
  7 elephants (D)
  3 black mambas (D)
  A cane toad (D)
  A freezing wraith (D)
  A bloated husk (D)
  A troll (D)
  A tarantella (D)
  A snapping turtle (D)
  2 dream sheep (D)
  A jumping spider (D)
  2 culicivoras (D)
  A human (shapeshifter) (D)
  2 shadows (D)
  6 yaks (D)
  A redback (D)
  3 nagas (D)
  4 water moccasins (D)
  An orc warrior (D)
  6 ogres (D)
  A wolf (D)
  4 bullfrogs (D)
  A gnoll sergeant (D)
  An orc priest (D)
  2 orc wizards (D)
  A white imp (D)
  An ufetubus (D)
  A dart slug (D)
  10 orcs (D)
  A jackal (D)
  A quokka (D)
  A bat (D)
  A bat simulacrum (D)
  A frilled lizard (D)
121 creatures vanquished.

Vanquished Creatures (collateral kills)
  A merfolk javelineer (D)
  A spriggan air mage (D)
  An ogre mage (D)
  A sea snake (D)
  A necromancer (D)
  2 orc knights (D)
  2 cyclopes (D)
  2 merfolk (D)
  A wind drake (D)
  A water elemental (D)
  8 orc warriors (D)
  2 orc priests (D)
23 creatures vanquished.

Vanquished Creatures (others)
  An eleionoma (D)
  3 hydras (D)
  An alligator (D)
  A will-o-the-wisp (D)
6 creatures vanquished.

Grand Total: 150 creatures vanquished

Notes
Turn   | Place    | Note
-------+----------+-------------------------------------------
     0 | D        | sircluck the Hill Orc Berserker began the quest for the
                  | Orb.
     0 | D        | Reached XP level 1. HP: 19/19 MP: 1/1
    10 | D        | Reached ** piety under Trog
    20 | D        | Reached skill level 5 in Axes
    23 | D        | Reached XP level 2. HP: 10/28 MP: 2/2
    97 | D        | Noticed an ogre
   101 | D        | Killed an ogre
   102 | D        | Reached XP level 3. HP: 32/39 MP: 3/3
   102 | D        | Reached XP level 4. HP: 39/47 MP: 4/4
   104 | D        | Reached *** piety under Trog
   121 | D        | Found a roughly hewn altar of Beogh.
   121 | D        | Found a snail-covered altar of Cheibriados.
   121 | D        | Found a shadowy altar of Dithmenos.
   121 | D        | Found a white marble altar of Elyvilon.
   121 | D        | Found a blossoming altar of Fedhas.
   121 | D        | Found an opulent altar of Gozag.
   122 | D        | Found a hazy altar of Hepliaklqana.
   123 | D        | Found a viscous altar of Jiyva.
   124 | D        | Found an ancient bone altar of Kikubaaqudgha.
   125 | D        | Found a corrupted altar of Lugonu.
   126 | D        | Found a burning altar of Makhleb.
   127 | D        | Found a sparkling altar of Nemelex Xobeh.
   128 | D        | Found an iron altar of Okawaru.
   129 | D        | Found a stormy altar of Qazlal.
   130 | D        | Found a sacrificial altar of Ru.
   131 | D        | Found a shimmering blue altar of Sif Muna.
   132 | D        | Found a bloodstained altar of Trog.
   133 | D        | Found a hide-covered altar of Uskayaw.
   134 | D        | Found a radiant altar of Vehumet.
   135 | D        | Found an ornate altar of the Wu Jian Council.
   136 | D        | Found a shimmering altar of Xom.
   137 | D        | Found a basalt altar of Yredelemnul.
   138 | D        | Found a glowing silver altar of Zin.
   139 | D        | Found a glowing golden altar of the Shining One.
   204 | D        | Noticed a shadow
   204 | D        | Noticed a two-headed ogre
   204 | D        | Noticed a two-headed ogre
   204 | D        | Noticed a shadow
   204 | D        | Noticed a yak
   204 | D        | Noticed a yak
   206 | D        | Killed a yak
   206 | D        | Reached **** piety under Trog
   207 | D        | Reached skill level 1 in Stealth
   207 | D        | Reached XP level 5. HP: 57/57 MP: 5/5
   207 | D        | Reached XP level 6. HP: 63/63 MP: 6/6
   210 | D        | Killed a yak
   211 | D        | Reached skill level 10 in Fighting
   211 | D        | Reached skill level 5 in Armour
   220 | D        | Killed a shadow
   221 | D        | Reached XP level 7. HP: 57/73 MP: 7/7
   225 | D        | Killed a two-headed ogre
   226 | D        | Reached skill level 15 in Axes
   226 | D        | Reached XP level 8. HP: 68/85 MP: 8/8
   228 | D        | Killed a two-headed ogre
   229 | D        | Reached skill level 5 in Dodging
   229 | D        | Reached XP level 9. HP: 60/93 MP: 9/9
   230 | D        | Reached ***** piety under Trog
   371 | D        | Noticed a boulder beetle
   371 | D        | Noticed a troll
   371 | D        | Noticed a green ugly thing
   371 | D        | Noticed a centaur warrior
   371 | D        | Noticed a cyclops
   375 | D        | Killed a cyclops
   385 | D        | Killed a centaur warrior
   392 | D        | Killed a green ugly thing
   393 | D        | Reached skill level 15 in Fighting
   405 | D        | HP: 2/97 [boulder beetle (8)]
   422 | D        | Killed a troll
   423 | D        | Reached XP level 10. HP: 17/106 MP: 10/10
   435 | D        | Killed a boulder beetle
   436 | D        | Reached skill level 10 in Armour
   821 | D        | Noticed a cane toad
   833 | D        | Killed a cane toad
   902 | D        | Noticed an elephant
   909 | D        | Received a gift from Trog
   912 | D        | Noticed a black mamba
   916 | D        | Killed an elephant
   916 | D        | Reached ****** piety under Trog
   941 | D        | Killed a black mamba
   942 | D        | Reached XP level 11. HP: 63/117 MP: 11/11
  1090 | D        | Noticed a dire elephant
  1102 | D        | Received a gift from Trog
  1106 | D        | Killed a dire elephant
  1127 | D        | Noticed a dire elephant
  1145 | D        | Killed a dire elephant
  1410 | D        | Noticed Urug
  1419 | D        | Killed Urug
  1424 | D        | Noticed Gastronok
  1441 | D        | Killed Gastronok
  1441 | D        | Received a gift from Trog
  1571 | D        | Received a gift from Trog
  1571 | D        | Noticed a stone giant
  1585 | D        | Killed a stone giant
  1586 | D        | Reached skill level 15 in Armour
  1815 | D        | Noticed an orc knight
  1820 | D        | Killed an orc knight
  1820 | D        | Received a gift from Trog
  1821 | D        | Reached XP level 12. HP: 131/133 MP: 12/12
  1841 | D        | Received a gift from Trog
  1866 | D        | Found Vatsic's Assorted Antiques.
  1866 | D        | Noticed a two-headed ogre
  1866 | D        | Noticed an ogre mage
  1866 | D        | Noticed a two-headed ogre
  1866 | D        | Noticed an ogre mage
  1869 | D        | Killed an ogre mage
  1873 | D        | Killed a two-headed ogre
  1873 | D        | Noticed a two-headed ogre
  1876 | D        | Killed an ogre mage
  1878 | D        | Killed a two-headed ogre
  1879 | D        | Received a gift from Trog
  1880 | D        | Found Teinunoe's Armour Shop.
  1883 | D        | Noticed an ogre mage
  1885 | D        | Killed a two-headed ogre
  1886 | D        | Found Ecsuer's Weapon Boutique.
  1899 | D        | Killed an ogre mage
  1916 | D        | Found Sazogargh's General Store.
  1921 | D        | Noticed a two-headed ogre
  1922 | D        | Noticed an ogre mage
  1927 | D        | Killed a two-headed ogre
  1930 | D        | Killed an ogre mage
  2086 | D        | Bought a cyan potion for 20 gold pieces
  2086 | D        | Bought a scroll labelled ULU HONITEIMUARAG for 23 gold
                  | pieces
  2086 | D        | Bought a scroll labelled OBASSO SIGH for 23 gold pieces
  2086 | D        | Bought a runed plate armour for 598 gold pieces
  2268 | D        | Noticed a centaur warrior
  2268 | D        | Noticed a centaur warrior
  2268 | D        | Noticed a boulder beetle
  2272 | D        | Killed a boulder beetle
  2272 | D        | Received a gift from Trog
  2273 | D        | Noticed a tengu warrior
  2273 | D        | Killed a centaur warrior
  2275 | D        | Killed a centaur warrior
  2275 | D        | Noticed an ettin
  2280 | D        | Noticed an ettin
  2281 | D        | Noticed a rakshasa
  2284 | D        | Noticed a tengu warrior
  2288 | D        | Killed a tengu warrior
  2289 | D        | Reached XP level 13. HP: 88/146 MP: 13/13
  2292 | D        | Killed an ettin
  2294 | D        | Killed an ettin
  2304 | D        | Killed a rakshasa
  2304 | D        | Received a gift from Trog
  2493 | D        | Noticed a purple very ugly thing
  2493 | D        | Noticed a rakshasa
  2495 | D        | Noticed a stone giant
  2500 | D        | Killed a purple very ugly thing
  2511 | D        | Killed a rakshasa
  2516 | D        | Killed a stone giant
  2675 | D        | Noticed Donald
  2676 | D        | Noticed Agnes
  2685 | D        | Killed Donald
  2689 | D        | Killed Agnes
  2689 | D        | Received a gift from Trog
  2924 | D        | Noticed Erolcha
  2951 | D        | Killed Erolcha
  3387 | D        | Noticed a merfolk javelineer
  3403 | D        | Killed a merfolk javelineer
  3421 | D        | Received a gift from Trog
  3437 | D        | Received a gift from Trog
  3689 | D        | Reached skill level 27 in Axes
  3689 | D        | Noticed an eleionoma
  3696 | D        | Killed an eleionoma
  3787 | D        | Noticed an entropy weaver
  3790 | D        | Reached XP level 14. HP: 145/162 MP: 14/14
  3806 | D        | Received a gift from Trog
  3808 | D        | Killed a ghost moth
  4073 | D        | Noticed a golden dragon
  4073 | D        | Noticed a frost giant
  4089 | D        | Noticed a frost giant
  4095 | D        | Killed a frost giant
  4095 | D        | Received a gift from Trog
  4101 | D        | Killed a golden dragon
  4108 | D        | Killed a frost giant
  4109 | D        | Reached skill level 27 in Fighting
  4109 | D        | Reached skill level 5 in Stealth
  4109 | D        | Reached skill level 1 in Evocations
  4146 | D        | Killed from afar by an ice dragon

Illustrated notes

Levels and vault maps discovered:
D:        linesprint [early_d, line_temple, items_1, d_10, items_2, lair_1,
          lair_end, items_3, orc_1, orc_end, items_4, d_15, swamp_1, shoals_1,
          snake_1, spider_1, d_20, vaults_1, items_5, swamp_end, shoals_end,
          snake_end, spider_end, vaults_end, d_27, items_6, zot_1, zot_end,
          crypt_end, forest_end, elf_end, slime_end, tomb_end, abyss_end,
          pan_hell_end]

Skill      XL: |  1  2  3  4  5  6  7  8  9 10 11 12 13 14 |
---------------+-------------------------------------------+-----
Fighting       | 4 7 9 10 12 13 15 17 20 22 25 27 | 27.0
Axes           | 5 8 11 13 15 17 19 21 23 25 27 | 27.0
Armour         | 3 4 5 6 7 9 12 15 18 21 22 | 22.7
Dodging        | 2 3 4 5 6 7 |  7.8
Stealth        | 1 2 3 4 5 |  5.1
Evocations     | 1 |  1.3

Action                     |  1- 3 |  4- 6 |  7- 9 | 10-12 | 13-15 || total
---------------------------+-------+-------+-------+-------+-------++-------
  Melee: Hand axe          |    21 |     9 |       |       |       ||    30
         Broad axe         |       |    16 |    30 |    71 |       ||   117
         Punch             |       |       |       |     2 |       ||     2
         Battleaxe         |       |       |       |   115 |   122 ||   237
 Invoke: Berserk           |     1 |       |     2 |     3 |     3 ||     9
         Brothers in Arms  |       |       |     2 |     2 |     5 ||     9
  Evoke: Wand              |       |       |       |       |     4 ||     4
    Use: Potion            |       |       |     3 |       |     4 ||     7
         Scroll            |       |       |     1 |     2 |     2 ||     5
   Stab: Sleeping          |     1 |       |       |       |       ||     1
 Armour: Animal skin       |     2 |       |       |       |       ||     2
         Plate armour      |       |     5 |    32 |    67 |   108 ||   212
  Dodge: Dodged            |     6 |     8 |    20 |    68 |    79 ||   181

Table legend: (Time is in decaauts)
 A = Elapsed time spent in this place.
 B = Non-inter-level travel time spent in this place.
 C = Inter-level travel time spent in this place.
 D = Time resting spent in this place.
 E = Time spent auto-exploring this place.
 F = Levels seen in this place.
 G = Mean time per level.
                   A        B        C        D        E       F      G
               +--------+--------+--------+--------+--------+-----+--------+
         Total |   4181 |   4181 |      0 |   1132 |   1917 |   1 | 4181.0 |
       Dungeon |   4181 |   4181 |      0 |   1132 |   1917 |   1 | 4181.0 |
               +--------+--------+--------+--------+--------+-----+--------+

Top non-repeatable levels by time:
       D: 4181 daAuts
